General information
- name: BNet
- type: Ladder team game (AT/RT)
- host: Battle.net
- saver: Birdeneering
map: Dragonblight
- players: 6
- length: 30:22
- speed: Fast
- version: 1.26 W3XP
- replay type:

» download(252 KB)
Players
team 1 (winner)
baby_in_pram (
orange | 145 APM | 4417 actions | 30:21)
4 Archmage
2 Blizzard
2 Brilliance Aura
4 Mountain King
2 Storm Bolt
2 Bash
» actions
| Assign group hotkey | 198 | |
| Basic commands | 53 | |
| Build / train | 144 | |
| ESC pressed | 18 | |
| Enter build submenu | 139 | |
| Enter hero's abilities submenu | 9 | |
| Give item / drop item | 5 | |
| Right click | 2305 | |
| Select / deselect | 656 | |
| Select group hotkey | 635 | |
| Use ability | 255 | |
4417 total
» units
| Peasant | 18 | |
| Dragonhawk Rider | 8 | |
26 total
» upgrades
| Masonry | 3 | |
| Lumber Harvesting | 3 | |
| Magic Sentry | 1 | |
| Animal War Training | 1 | |
| Armor | 2 | |
| Swords | 2 | |
12 total
» buildings
| Altar of Kings | 1 | |
| Farm | 5 | |
| Lumber Mill | 1 | |
| Scout Tower | 124 | |
| Guard Tower | 69 | |
| Arcane Tower | 2 | |
| Keep | 3 | |
| Arcane Vault | 2 | |
| Castle | 2 | |
| Gryphon Aviary | 3 | |
| Town Hall | 1 | |
| Arcane Sanctum | 2 | |
| Barracks | 1 | |
| Blacksmith | 1 | |
217 total
» build order
00:03 Altar of Kings
00:04 Farm
00:42 Lumber Mill
00:56 Farm
01:52 Scout Tower
01:53 Scout Tower
01:57 Scout Tower
01:58 Scout Tower
02:14 Farm
02:20 Guard Tower
02:21 Arcane Tower
02:21 Arcane Tower
02:33 Scout Tower
02:53 Scout Tower
02:54 Scout Tower
02:55 Guard Tower
03:13 Scout Tower
03:14 Guard Tower
03:15 Guard Tower
03:21 Scout Tower
03:22 Guard Tower
03:22 Guard Tower
03:28 Scout Tower
03:40 Scout Tower
03:54 Scout Tower
03:55 Guard Tower
04:11 Scout Tower
04:13 Scout Tower
04:13 Guard Tower
04:14 Guard Tower
04:44 Scout Tower
04:45 Scout Tower
04:47 Scout Tower
04:49 Guard Tower
05:03 Keep
05:03 Keep
05:04 Keep
05:21 Scout Tower
05:48 Scout Tower
05:49 Scout Tower
05:49 Guard Tower
05:50 Guard Tower
05:56 Arcane Vault
05:58 Arcane Vault
06:05 Scout Tower
06:19 Scout Tower
06:20 Guard Tower
06:29 Farm
06:32 Scout Tower
06:40 Scout Tower
06:41 Guard Tower
06:42 Guard Tower
06:44 Scout Tower
06:46 Scout Tower
06:47 Guard Tower
06:48 Scout Tower
07:24 Scout Tower
07:25 Scout Tower
07:34 Guard Tower
07:34 Guard Tower
07:43 Scout Tower
07:51 Scout Tower
07:58 Scout Tower
08:04 Guard Tower
08:07 Scout Tower
08:08 Scout Tower
08:23 Guard Tower
08:24 Scout Tower
08:27 Guard Tower
08:30 Scout Tower
08:55 Guard Tower
09:05 Guard Tower
09:10 Scout Tower
09:11 Scout Tower
09:50 Scout Tower
09:51 Scout Tower
09:53 Guard Tower
09:53 Guard Tower
10:23 Castle
10:24 Castle
10:32 Scout Tower
10:33 Scout Tower
11:05 Guard Tower
11:05 Guard Tower
11:14 Scout Tower
11:15 Scout Tower
11:22 Scout Tower
11:23 Scout Tower
11:24 Scout Tower
11:25 Scout Tower
11:27 Scout Tower
11:28 Scout Tower
11:39 Guard Tower
11:40 Gryphon Aviary
11:41 Gryphon Aviary
11:44 Gryphon Aviary
11:57 Guard Tower
11:58 Guard Tower
12:43 Town Hall
12:52 Scout Tower
12:52 Scout Tower
12:58 Scout Tower
12:59 Scout Tower
13:01 Scout Tower
13:02 Scout Tower
13:04 Scout Tower
13:05 Scout Tower
13:07 Scout Tower
13:59 Guard Tower
14:05 Farm
14:08 Guard Tower
14:08 Guard Tower
14:11 Scout Tower
14:12 Scout Tower
14:36 Scout Tower
14:45 Guard Tower
14:46 Scout Tower
14:46 Scout Tower
15:36 Scout Tower
15:37 Scout Tower
15:38 Guard Tower
15:39 Guard Tower
15:57 Scout Tower
15:58 Scout Tower
15:59 Scout Tower
15:59 Scout Tower
16:08 Guard Tower
16:08 Guard Tower
16:10 Scout Tower
16:58 Guard Tower
17:01 Scout Tower
17:02 Scout Tower
17:13 Arcane Sanctum
17:13 Barracks
18:24 Scout Tower
18:25 Scout Tower
18:25 Scout Tower
18:26 Scout Tower
18:27 Scout Tower
18:28 Scout Tower
18:30 Scout Tower
18:31 Scout Tower
18:37 Arcane Sanctum
18:41 Blacksmith
18:56 Guard Tower
18:56 Guard Tower
19:02 Guard Tower
19:08 Guard Tower
19:28 Guard Tower
19:34 Scout Tower
20:15 Scout Tower
20:15 Scout Tower
20:16 Scout Tower
20:22 Guard Tower
20:25 Scout Tower
20:26 Scout Tower
20:41 Scout Tower
20:44 Scout Tower
21:18 Guard Tower
21:46 Scout Tower
21:47 Scout Tower
21:47 Scout Tower
21:48 Scout Tower
21:49 Scout Tower
21:50 Scout Tower
21:51 Scout Tower
21:51 Scout Tower
21:52 Scout Tower
24:12 Guard Tower
25:54 Scout Tower
25:55 Scout Tower
25:55 Scout Tower
25:56 Scout Tower
25:58 Scout Tower
25:59 Scout Tower
26:00 Scout Tower
26:00 Scout Tower
26:02 Scout Tower
26:03 Scout Tower
26:03 Scout Tower
26:04 Scout Tower
26:06 Scout Tower
26:07 Scout Tower
26:58 Guard Tower
27:02 Scout Tower
27:02 Scout Tower
27:04 Scout Tower
27:26 Guard Tower
27:29 Scout Tower
27:29 Scout Tower
27:31 Scout Tower
27:33 Scout Tower
27:34 Scout Tower
27:35 Guard Tower
27:35 Guard Tower
27:35 Guard Tower
27:35 Guard Tower
28:01 Scout Tower
28:02 Scout Tower
28:03 Scout Tower
28:03 Scout Tower
28:32 Guard Tower
28:32 Guard Tower
28:38 Guard Tower
» items
| Scroll of Regeneration | 1 | |
| Scroll of Town Portal | 1 | |
| Staff of Teleportation | 2 | |
| Staff of Sanctuary | 2 | |
| Orb of Fire | 1 | |
| Boots of Speed | 1 | |
| Orb of Venom | 1 | |
9 total
Birdeneering (
purple | 138 APM | 4182 actions | 30:22)
4 Mountain King
2 Storm Bolt
2 Bash
3 Paladin
2 Holy Light
1 Divine Shield
2 Blood Mage
1 Banish
1 Siphon Mana
» actions
| Assign group hotkey | 304 | |
| Basic commands | 19 | |
| Build / train | 92 | |
| Enter build submenu | 60 | |
| Enter hero's abilities submenu | 10 | |
| Give item / drop item | 2 | |
| Right click | 1888 | |
| Select / deselect | 375 | |
| Select group hotkey | 1191 | |
| Use ability | 241 | |
4182 total
» units
| Peasant | 16 | |
| Dragonhawk Rider | 6 | |
22 total
» upgrades
| Masonry | 3 | |
| Lumber Harvesting | 2 | |
| Magic Sentry | 1 | |
| Animal War Training | 1 | |
| Swords | 3 | |
| Armor | 2 | |
| Cloud | 1 | |
13 total
» buildings
| Altar of Kings | 1 | |
| Farm | 7 | |
| Scout Tower | 43 | |
| Lumber Mill | 1 | |
| Arcane Tower | 7 | |
| Guard Tower | 27 | |
| Arcane Vault | 2 | |
| Keep | 1 | |
| Castle | 1 | |
| Arcane Sanctum | 1 | |
| Gryphon Aviary | 1 | |
| Barracks | 1 | |
| Blacksmith | 1 | |
94 total
» build order
00:05 Altar of Kings
00:19 Farm
00:42 Farm
01:05 Scout Tower
01:07 Lumber Mill
01:33 Arcane Tower
01:39 Scout Tower
01:51 Scout Tower
02:07 Scout Tower
02:07 Arcane Tower
02:14 Farm
02:21 Scout Tower
02:22 Guard Tower
02:36 Scout Tower
02:36 Guard Tower
02:45 Scout Tower
02:48 Guard Tower
03:07 Guard Tower
03:09 Scout Tower
03:13 Scout Tower
03:19 Scout Tower
03:41 Guard Tower
03:42 Arcane Tower
03:43 Scout Tower
03:45 Scout Tower
03:46 Guard Tower
04:07 Guard Tower
04:18 Scout Tower
04:28 Scout Tower
04:28 Guard Tower
04:44 Guard Tower
04:47 Arcane Vault
04:48 Guard Tower
04:51 Scout Tower
04:53 Arcane Vault
04:55 Keep
04:59 Scout Tower
05:13 Farm
05:16 Scout Tower
05:18 Scout Tower
05:22 Guard Tower
05:23 Scout Tower
05:34 Guard Tower
05:36 Scout Tower
05:37 Scout Tower
06:21 Arcane Tower
06:24 Scout Tower
06:24 Guard Tower
06:29 Scout Tower
07:27 Guard Tower
07:29 Scout Tower
07:31 Scout Tower
08:16 Guard Tower
08:17 Scout Tower
08:20 Castle
08:25 Scout Tower
08:27 Scout Tower
08:35 Arcane Sanctum
08:50 Scout Tower
08:51 Guard Tower
09:37 Guard Tower
09:38 Scout Tower
09:49 Guard Tower
09:51 Scout Tower
09:52 Scout Tower
10:16 Scout Tower
10:16 Arcane Tower
10:25 Arcane Tower
10:29 Farm
10:56 Scout Tower
10:57 Guard Tower
11:06 Guard Tower
11:10 Scout Tower
11:52 Guard Tower
11:54 Scout Tower
12:01 Scout Tower
12:23 Guard Tower
12:25 Scout Tower
12:41 Guard Tower
13:51 Guard Tower
15:08 Gryphon Aviary
15:09 Barracks
15:10 Blacksmith
15:18 Scout Tower
16:01 Guard Tower
18:02 Scout Tower
18:03 Scout Tower
18:12 Farm
19:01 Guard Tower
20:18 Farm
28:03 Scout Tower
28:04 Scout Tower
» items
| Boots of Speed | 1 | |
| Scroll of Regeneration | 1 | |
| Staff of Sanctuary | 4 | |
| Orb of Venom | 2 | |
8 total
timg4strok (
pink | 118 APM | 3569 actions | 30:21)
6 Warden
3 Shadow Strike
3 Blink
» actions
| Assign group hotkey | 13 | |
| Basic commands | 28 | |
| Build / train | 51 | |
| ESC pressed | 4 | |
| Enter build submenu | 22 | |
| Enter hero's abilities submenu | 6 | |
| Give item / drop item | 1 | |
| Right click | 2625 | |
| Select / deselect | 140 | |
| Select group hotkey | 541 | |
| Use ability | 138 | |
3569 total
» units
» upgrades
| Ultravision | 1 | |
| Well Spring | 1 | |
| Strength of the Wild | 3 | |
| Reinforced Hides | 3 | |
8 total
» buildings
| Altar of Elders | 1 | |
| Moon Well | 15 | |
| Tree of Ages | 1 | |
| Hunter's Hall | 1 | |
| Tree of Eternity | 1 | |
| Ancient of Wonders | 2 | |
| Tree of Life | 2 | |
| Ancient of Wind | 2 | |
25 total
» build order
00:30 Altar of Elders
00:32 Moon Well
01:00 Moon Well
06:14 Tree of Ages
06:30 Moon Well
06:31 Moon Well
06:35 Moon Well
06:36 Moon Well
07:33 Hunter's Hall
07:44 Moon Well
08:37 Tree of Eternity
09:31 Moon Well
09:32 Moon Well
09:33 Moon Well
09:59 Moon Well
10:57 Ancient of Wonders
11:15 Tree of Life
11:38 Ancient of Wind
11:47 Ancient of Wind
12:41 Ancient of Wonders
27:15 Tree of Life
27:44 Moon Well
27:45 Moon Well
27:48 Moon Well
27:49 Moon Well
» items
| Staff of Teleportation | 1 | |
| Boots of Speed | 1 | |
| Lesser Clarity Potion | 1 | |
| Orb of Venom | 1 | |
4 total
team 2 (loser)
AmeLy (
yellow | 71 APM | 2136 actions | 29:55)
3 Far Seer
2 Feral Spirit
1 Chain Lighting
2 Shadow Hunter
1 Hex
1 Healing Wave
» actions
| Assign group hotkey | 120 | |
| Basic commands | 113 | |
| Build / train | 57 | |
| Enter build submenu | 18 | |
| Enter hero's abilities submenu | 5 | |
| Remove unit from queue | 1 | |
| Right click | 780 | |
| Select / deselect | 534 | |
| Select group hotkey | 426 | |
| Use ability | 82 | |
2136 total
» units
| Peon | 10 | |
| Grunt | 5 | |
| Raider | 2 | |
| Wind Rider | 5 | |
| Blue Drake | 1 | |
| Troll Batrider | 3 | |
| Demolisher | 8 | |
| Frost Wyrm | 2 | |
36 total
» upgrades
| Ranged Weapons | 2 | |
| Armor | 1 | |
| Burning Oil | 1 | |
| Reinforced Defenses | 1 | |
| Ensnare | 1 | |
6 total
» buildings
| Barracks | 2 | |
| Orc Burrow | 6 | |
| Altar of Storms | 1 | |
| Voodoo Lounge | 1 | |
| Stronghold | 1 | |
| Beastiary | 2 | |
| War Mill | 1 | |
| Great Hall | 1 | |
| Watch Tower | 4 | |
| Fortress | 1 | |
20 total
» build order
00:09 Barracks
00:18 Orc Burrow
00:26 Altar of Storms
02:16 Orc Burrow
02:27 Voodoo Lounge
04:04 Stronghold
05:02 Orc Burrow
06:30 Beastiary
06:35 Beastiary
07:13 War Mill
08:31 Orc Burrow
10:14 Orc Burrow
10:19 Orc Burrow
15:05 Great Hall
16:21 Watch Tower
16:45 Fortress
16:49 Barracks
18:12 Watch Tower
18:15 Watch Tower
19:04 Watch Tower
» items
| Lesser Clarity Potion | 2 | |
| Scroll of Speed | 1 | |
| Healing Salve | 2 | |
5 total
aT_om (
red | 76 APM | 2049 actions | 27:01)
4 Death Knight
2 Death Coil
2 Unholy Aura
4 Lich
2 Frost Nova
2 Frost Armor
» actions
| Assign group hotkey | 29 | |
| Basic commands | 22 | |
| Build / train | 89 | |
| Enter build submenu | 25 | |
| Enter hero's abilities submenu | 9 | |
| Remove unit from queue | 6 | |
| Right click | 862 | |
| Select / deselect | 506 | |
| Select group hotkey | 384 | |
| Use ability | 117 | |
2049 total
» units
| Acolyte | 9 | |
| Ghoul | 4 | |
| Crypt Fiend | 8 | |
| Obsidian Statue | 6 | |
| Frost Wyrm | 18 | |
| Blue Drake | 1 | |
46 total
» upgrades
| Web | 1 | |
| Destroyer Form | 1 | |
| Creature Attack | 1 | |
| Freezing Breath | 1 | |
4 total
» buildings
| Crypt | 1 | |
| Graveyard | 1 | |
| Altar of Darkness | 1 | |
| Ziggurat | 12 | |
| Tomb of Relics | 1 | |
| Nerubian Tower | 2 | |
| Halls of the Dead | 3 | |
| Slaughterhouse | 1 | |
| Sacrificial Pit | 1 | |
| Black Citadel | 4 | |
| Boneyard | 2 | |
| Spirit Tower | 1 | |
30 total
» build order
00:06 Crypt
00:08 Graveyard
00:41 Altar of Darkness
00:58 Ziggurat
01:26 Tomb of Relics
02:12 Ziggurat
03:38 Nerubian Tower
04:00 Halls of the Dead
04:00 Halls of the Dead
04:41 Ziggurat
04:57 Ziggurat
06:23 Slaughterhouse
06:31 Sacrificial Pit
07:40 Black Citadel
07:40 Black Citadel
07:40 Black Citadel
07:41 Black Citadel
09:17 Ziggurat
09:59 Ziggurat
10:04 Boneyard
10:37 Boneyard
10:39 Ziggurat
14:08 Ziggurat
14:49 Ziggurat
18:13 Ziggurat
18:13 Ziggurat
18:15 Ziggurat
20:13 Spirit Tower
20:17 Nerubian Tower
» items
| Rod of Necromancy | 1 | |
| Dust of Appearance | 1 | |
2 total
In_exile (
green | 60 APM | 1825 actions | 30:21)
3 Archmage
1 Summon Water Elemental
2 Brilliance Aura
3 Mountain King
2 Storm Bolt
1 Thunder Clap
1 Paladin
1 Holy Light
» actions
| Assign group hotkey | 49 | |
| Basic commands | 155 | |
| Build / train | 92 | |
| Enter build submenu | 36 | |
| Enter hero's abilities submenu | 7 | |
| Give item / drop item | 3 | |
| Right click | 526 | |
| Select / deselect | 331 | |
| Select group hotkey | 525 | |
| Use ability | 101 | |
1825 total
» units
| Peasant | 21 | |
| Footman | 4 | |
| Priest | 2 | |
| Rifleman | 5 | |
| Spell Breaker | 4 | |
| Sorceress | 3 | |
| Dragonhawk Rider | 14 | |
| Acolyte | 5 | |
58 total
» upgrades
| Priest Training | 2 | |
| Long Rifles | 1 | |
| Lumber Harvesting | 2 | |
| Sorceress Training | 2 | |
| Cloud | 1 | |
| Armor | 1 | |
| Swords | 1 | |
10 total
» buildings
| Altar of Kings | 1 | |
| Barracks | 1 | |
| Farm | 10 | |
| Keep | 1 | |
| Arcane Vault | 2 | |
| Scout Tower | 20 | |
| Lumber Mill | 1 | |
| Arcane Tower | 3 | |
| Arcane Sanctum | 2 | |
| Blacksmith | 1 | |
| Castle | 1 | |
| Gryphon Aviary | 1 | |
| Town Hall | 2 | |
| Guard Tower | 6 | |
| Workshop | 1 | |
53 total
» build order
00:03 Altar of Kings
00:10 Barracks
00:14 Farm
00:59 Farm
02:13 Farm
03:28 Keep
03:31 Arcane Vault
03:55 Scout Tower
04:50 Scout Tower
04:53 Lumber Mill
05:18 Arcane Tower
06:27 Arcane Sanctum
06:33 Arcane Sanctum
07:07 Blacksmith
07:11 Farm
07:12 Farm
09:24 Farm
09:25 Farm
11:32 Castle
12:08 Gryphon Aviary
13:38 Farm
13:39 Farm
13:40 Farm
17:24 Town Hall
17:36 Town Hall
21:26 Scout Tower
21:28 Scout Tower
21:30 Scout Tower
21:31 Scout Tower
21:32 Scout Tower
21:33 Scout Tower
21:35 Scout Tower
21:36 Scout Tower
21:37 Scout Tower
21:38 Scout Tower
21:55 Arcane Tower
23:01 Guard Tower
23:55 Guard Tower
25:52 Guard Tower
26:05 Guard Tower
26:41 Guard Tower
26:55 Arcane Vault
28:28 Scout Tower
28:29 Scout Tower
28:29 Scout Tower
28:30 Scout Tower
28:30 Scout Tower
28:31 Scout Tower
28:31 Scout Tower
28:32 Scout Tower
28:48 Workshop
29:14 Arcane Tower
29:15 Guard Tower
» items
| Potion of Healing | 2 | |
| Potion of Lesser Invulnerability | 1 | |
3 total
Chat log
(00:03 / Allies) timg4strok: a BRG too far
(27:11 / All) Birdeneering: noob?
(29:58 / All) timg4strok: GG